 Dungeon Crawl Stone Soup version 0.29-a0-582-ge82337ba6a (webtiles) character file.

Game seed: 14519213582662897234

29 croobank the Covert (level 3, 0/35 HPs)
             Began as a Gnoll Delver on June 14, 2022.
             Slain by a river rat (4 damage)
             ... on level 3 of the Dungeon.
             The game lasted 00:02:56 (618 turns).

croobank the Covert (Gnoll Delver)                   Turns: 618, Time: 00:02:57

Health: 0/35       AC:  3    Str: 13    XL:     3   Next: 16%
Magic:  3/3        EV: 13    Int:  9    God:
Gold:   24         SH:  0    Dex: 13    Spells: 3/3 levels left

rFire   . . .      SeeInvis .   a - +0 hand axe
rCold   . . .      Faith    .   (no shield)
rNeg    . . .      Spirit   .   b - +0 leather armour
rPois   .          Reflect  .   (no helmet)
rElec   .          Harm     .   (no cloak)
rCorr   .          Rampage  .   (no gloves)
Will    .....                   (no boots)
Stlth   ++........              (no amulet)
HPRegen 0.11/turn               (no ring)
MPRegen 0.08/turn               (no ring)

@: hasted, slow
A: fangs 1, strong nose, distributed training
a: no special abilities


You were on level 3 of the Dungeon.
You visited 2 branches of the dungeon, and saw 4 of its levels.

You collected 24 gold pieces.

Inventory:

Hand Weapons
 a - a +0 hand axe (weapon)
 k - a +0 mace
Missiles
 j - 57 stones (quivered)
Armour
 b - a +0 leather armour (worn)
Wands
 g - a wand of digging (3)
Scrolls
 c - 4 scrolls of fog
 d - a scroll of identify {unknown}
 e - a scroll of fear
 i - a scroll of noise {unknown}
Potions
 h - a potion of cancellation {unknown}


   Skills:
 + Level 6.5 Fighting
 + Level 0.6 Short Blades
 + Level 0.6 Long Blades
 + Level 4.5 Axes
 + Level 0.6 Maces & Flails
 + Level 0.6 Polearms
 + Level 0.6 Staves
 + Level 0.6 Slings
 + Level 0.6 Bows
 + Level 0.6 Crossbows
 + Level 0.6 Throwing
 + Level 0.6 Armour
 + Level 4.5 Dodging
 + Level 9.5 Stealth
 + Level 0.6 Shields
 + Level 0.6 Unarmed Combat
 + Level 0.6 Spellcasting
 + Level 0.4 Conjurations
 + Level 0.4 Hexes
 + Level 0.4 Summonings
 + Level 0.4 Necromancy
 + Level 0.4 Translocations
 + Level 0.4 Transmutations
 + Level 0.4 Fire Magic
 + Level 0.4 Ice Magic
 + Level 0.4 Air Magic
 + Level 0.4 Earth Magic
 + Level 0.4 Poison Magic
 + Level 0.8 Invocations
 + Level 0.6 Evocations


You had 3 spell levels left.
You didn't know any spells.
Your spell library was empty.

Dungeon Overview and Level Annotations

Branches:
Dungeon (5/15)             Temple (1/1) D:4

Altars:
Gozag
Makhleb
Qazlal
Sif Muna
Trog
Zin

Portals:
Sewer: D:3

Annotations:
D:3 Jessica, Terence


Innate Abilities, Weirdness & Mutations

You have very sharp teeth.
Your uncanny sense of smell can sniff out nearby items.
Your experience applies equally to all skills.


Message History

The quokka splashes around in the water.
You barely miss the quokka.
The quokka is heavily wounded.
The quokka barely misses you.
You hit the quokka.
You kill the quokka!
You see here a quokka corpse.
A river rat comes into view.
Found a glowing drain.
The river rat misses you.
You hit the river rat.
The river rat is lightly wounded.
The river rat barely misses you.
You hit the river rat.
You bite the river rat, but do no damage.
The river rat is moderately wounded.
The river rat barely misses you.
You hit the river rat.
The river rat is heavily wounded.
You hit the river rat but do no damage. Your bite misses the river rat.
The river rat is heavily wounded.
The river rat closely misses you.
You hit the river rat.
The river rat is almost dead.
The river rat bites you!
* * * LOW HITPOINT WARNING * * *
Your unstable footing causes you to fumble your attack.
You closely miss the river rat. Your bite misses the river rat.
The river rat is almost dead.
The river rat misses you.
Your unstable footing causes you to fumble your attack.
The river rat bites you but does no damage.
You barely miss the river rat.
The river rat is almost dead.
The river rat barely misses you.
You hit the river rat but do no damage.
The river rat is almost dead.
Your unstable footing causes you to fumble your attack.
The river rat bites you.
You die...

#.......##.
#.......... ####
####......##
##≈≈####≈≈##......#
#≈≈≈≈≈≈≈≈†≈#....#.#
##≈≈####≈≈##.......
#≈##≈≈##≈#.....##.
#≈r≈≈∩≈#≈#.....# .
#@≈≈≈≈≈#≈#.....# #
####≈≈##≈#..####
####≈†####≈≈##.#
#..≈≈≈≈≈≈≈≈≈≈#.###
#.##≈≈####≈≈##...###
#.######.####..#.....
#.######..........###
#..............##....
#########.......##...


You could see a river rat.

Vanquished Creatures
  2 adders (D:3)
  An endoplasm (D:3)
  A goblin (D:3)
  A hobgoblin (D:3)
  3 quokkas (D:3)
  A ball python (D:3)
  A frilled lizard (D:3)
  2 rats (D:3)
12 creatures vanquished.

Notes
Turn   | Place    | Note
-------+----------+-------------------------------------------
     0 | D:5      | Reached skill level 9 in Stealth
     0 | D:5      | croobank the Gnoll Delver began the quest for the Orb.
     0 | D:5      | Reached XP level 1. HP: 23/23 MP: 1/1
    19 | D:5      | Noticed an orc wizard
    28 | D:4      | Found a staircase to the Ecumenical Temple.
    35 | Temple   | Entered the Ecumenical Temple
    93 | D:3      | Found a shimmering blue altar of Sif Muna.
   113 | D:3      | Reached XP level 2. HP: 25/29 MP: 2/2
   157 | D:3      | Noticed Jessica
   184 | D:3      | Noticed Terence
   568 | D:3      | Reached XP level 3. HP: 17/35 MP: 3/3
   605 | D:3      | Found a glowing drain.
   618 | D:3      | Slain by a river rat

Illustrated notes

Levels and vault maps discovered:
D:3:      layout_rooms, overflow_temple_1_default, gup_sewer_entry_bubbles,
          kennysheep_cross_room, uniq_terence, uniq_jessica
D:4:      layout_loops_ring, eat_drink_and_be_merry_uskayaw,
          minmay_temple_entry_wispy
D:5:      layout_basic, grunt_temple_overflow_cloverleaf,
          ashenzari_conservatory_becter, gammafunk_ghost_split
Temple:   compressed_dpeg_circular_temple

Skill      XL: | |
---------------+-+-----
Stealth        | |  9.5
Fighting       | |  6.5
Short Blades   | |  0.6
Long Blades    | |  0.6
Axes           | |  4.5
Maces & Flails | |  0.6
Polearms       | |  0.6
Staves         | |  0.6
Slings         | |  0.6
Bows           | |  0.6
Crossbows      | |  0.6
Throwing       | |  0.6
Armour         | |  0.6
Dodging        | |  4.5
Shields        | |  0.6
Unarmed Combat | |  0.6
Spellcasting   | |  0.6
Conjurations   | |  0.4
Hexes          | |  0.4
Summonings     | |  0.4
Necromancy     | |  0.4
Translocations | |  0.4
Transmutations | |  0.4
Fire Magic     | |  0.4
Ice Magic      | |  0.4
Air Magic      | |  0.4
Earth Magic    | |  0.4
Poison Magic   | |  0.4
Invocations    | |  0.8
Evocations     | |  0.6

Action                   || total
-------------------------++-------
Melee: Hand axe          ||    69
       Bite              ||     2
  Use: Scroll            ||     1
       Potion            ||     1
 Stab: Sleeping          ||     2
Armor: Leather armour    ||     9
Dodge: Dodged            ||    43

Table legend: (Time is in decaauts)
 A = Elapsed time spent in this place.
 B = Non-inter-level travel time spent in this place.
 C = Inter-level travel time spent in this place.
 D = Time resting spent in this place.
 E = Time spent auto-exploring this place.
 F = Levels seen in this place.
 G = Mean time per level.
                   A        B        C        D        E       F      G
               +--------+--------+--------+--------+--------+-----+--------+
         Total |    627 |    613 |     14 |    221 |     33 |   4 |  156.8 |
       Dungeon |    601 |    600 |      1 |    221 |     33 |   3 |  200.3 |
        Temple |     25 |     12 |     13 |      0 |      0 |   1 |   25.0 |
               +--------+--------+--------+--------+--------+-----+--------+

Top non-repeatable levels by time:
     D:3: 360 daAuts
     D:4: 217 daAuts
  Temple: 25 daAuts
     D:5: 23 daAuts
